 Dungeon Crawl Stone Soup version 0.23.2-1-ga50397a6bc (webtiles) character file.

Game seed: 14909974229064281644

22316 Wolfsmond the Bludgeoner (level 12, -1/112 HPs)
             Began as a Minotaur Berserker on Apr 22, 2019.
             Was a High Priest of Trog.
             Splashed by an oklob plant's acid (14 damage)
             ... on level 4 of the Lair of Beasts.
             The game lasted 01:11:02 (14070 turns).

Wolfsmond the Bludgeoner (Minotaur Berserker)      Turns: 14070, Time: 01:11:08

Health: -1/112     AC:  9    Str: 32    XL:     12   Next: 61%
Magic:  0/3        EV: 14    Int:  4    God:    Trog [*****.]
Gold:   700        SH:  0    Dex: 10    Spells: 11/11 levels left

rFire    + . .     SeeInvis .   q - +3 dire flail (antimagic)
rCold    . . .     Gourm    +   (shield currently unavailable)
rNeg     . . .     Faith    .   x - +4 plate armour {rPois}
rPois    +         Spirit   +   (helmet unavailable)
rElec    .         Reflect  .   p - scarf {Spirit}
rCorr    .         Harm     .   j - +0 pair of gloves
MR       .....                  n - +0 pair of boots
Stlth    ..........             e - amulet of the gourmand
HPRegen  0.28/turn              r - +5 ring of protection
MPRegen  0.08/turn              d - ring "Hazeam" {rF+ EV+4 Str+5 Stlth+}

@: corroded
A: retaliatory headbutt, horns 3, sense surroundings 1, poison resistance,
shaggy fur 1
a: Berserk, Trog's Hand, Brothers in Arms, Renounce Religion


You were on level 4 of the Lair of Beasts.
You worshipped Trog.
Trog was extremely pleased with you.
You were very full.

You visited 3 branches of the dungeon, and saw 16 of its levels.
You also visited: Ice Cave.

You collected 1051 gold pieces.
You spent 351 gold pieces at shops.

Inventory:

Hand Weapons
 q - a +3 antimagic dire flail (weapon)
 t - a +4 mace of freezing
Armour
 j - a +0 pair of gloves (worn)
 n - a +0 pair of boots (worn)
 p - a scarf of spirit shield (worn)
 x - a +4 plate armour of poison resistance (worn)
Jewellery
 b - an uncursed ring of protection from cold
 d - the ring "Hazeam" (right hand) {rF+ EV+4 Str+5 Stlth+}
   (You found it on level 10 of the Dungeon)

   [ring of evasion]

   It affects your evasion (+4).
   It affects your strength (+5).
   It protects you from fire.
   It makes you more stealthy.
 e - an amulet of the gourmand (around neck)
 r - a +5 ring of protection (left hand)
Wands
 a - a wand of acid (12)
 m - a wand of polymorph (10)
 u - a wand of disintegration (19)
 v - a wand of digging (10)
Scrolls
 h - 4 scrolls of identify
 i - 8 scrolls of teleportation
 k - 9 scrolls of remove curse
 s - a scroll of fog
Potions
 f - a potion of might
 g - 2 potions of heal wounds
 l - 9 potions of curing
 o - a potion of cancellation
 w - a potion of ambrosia
Comestibles
 c - 22 rations


   Skills:
 + Level 12.2 Fighting
   Level 3.9(10.9) Axes
 + Level 15.2(15.4) Maces & Flails
 + Level 14.3 Armour
 + Level 4.9 Dodging
 + Level 1.9 Stealth


You had 11 spell levels left.
You didn't know any spells.
Your spell library contained the following spells:

 Spells                   Type           Power        Failure   Level  Hunger
 Beastly Appendage        Tmut           #.....       96%         1    ##.....
 Summon Small Mammal      Summ           #...         96%         1    ##.....
 Call Imp                 Summ           #.......     99%         2    ###....
 Sticks to Snakes         Tmut           #.......     99%         2    ###....
 Call Canine Familiar     Summ           #.......     100%        3    ####...
 Spider Form              Tmut/Pois      #.........   100%        3    ####...
 Summon Guardian Golem    Hex/Summ       #.......     100%        3    ####...
 Ice Form                 Ice/Tmut       #.......     100%        4    #####..
 Summon Ice Beast         Ice/Summ       #.......     100%        4    #####..
 Summon Lightning Spire   Summ/Air       #.......     100%        4    #####..
 Blade Hands              Tmut           #.........   100%        5    ######.


Dungeon Overview and Level Annotations

Branches:
Dungeon (11/15)            Temple (1/1) D:5            Lair (4/6) D:11
 Shoals (0/4) Lair:3        Snake (0/4) Lair:3          Orc (0/2) D:11

Altars:
Ashenzari
Cheibriados
Dithmenos
Elyvilon
Fedhas
Gozag
Hepliaklqana
Kikubaaqudgha
Makhleb
Nemelex Xobeh
Okawaru
Qazlal
Ru
Sif Muna
Trog
Uskayaw
Vehumet
Wu Jian
Xom
Yredelemnul
Zin
The Shining One

Shops:
D:5 *   D:7 ?   D:8 [   D:11 %

Annotations:
Lair:4 exclusion: 3 oklob plants


Innate Abilities, Weirdness & Mutations

You reflexively headbutt those who attack you in melee.
You have a pair of large horns on your head.
You passively map a small area around you.
Your system is resistant to poisons. (rPois)
You are covered in fur. (AC +1)


Message History

The oklob plant spits acid at you. The splash of acid hits you.
You are splashed with acid!
* * * LOW HITPOINT WARNING * * *
You thump the oklob plant!
The oklob plant is moderately damaged.
You impale the oklob plant!!
The oklob plant is almost destroyed.
You sock the oklob plant!
You headbutt the oklob plant, but do no damage.
The oklob plant is almost destroyed.
The oklob plant spits acid at you. The splash of acid hits you.
* * * LOW HITPOINT WARNING * * *
You are splashed with acid!
* * * LOW HITPOINT WARNING * * *
The oklob plant spits acid at you. The splash of acid hits you.
* * * LOW HITPOINT WARNING * * *
The acid corrodes you!
You are splashed with acid!
You die...

, , * ####........... ,,
, ,.........[..... ,
,......$........ , , ,
............... ,,
........PP....., , , *
,#....PPP..... , *###
##...P..P.... ##.####
####....@PP.....
.#....###P#.......P.....
,
........................
........................
,
...............$.(......
........................
#.##.#.##.....#.......##
, ,
###.####.............##
, ### ##.....###...## *


You could see 3 oklob plants.

Vanquished Creatures
  Snorg (D:10)
  2 two-headed ogres
  A sixfirhy (D:10)
  Pikel (D:8)
  5 oklob plants
  A centaur zombie (D:11)
  A black mamba (Lair:4)
  3 spiny frogs
  A rime drake (Lair:1)
  3 komodo dragons
  2 polar bears (IceCv)
  A troll (D:10)
  Prince Ribbit (D:6)
  12 blink frogs
  6 hippogriffs
  A spriggan (D:7)
  A wraith (D:10)
  A basilisk (Lair:3)
  9 yaks
  Menkaure (D:4)
  3 wargs (D:11)
  4 nagas (Lair:3)
  6 water moccasins
  5 porcupines
  7 orc warriors
  2 sky beasts
  9 ice beasts
  3 slaves (D:8)
  3 eyes of draining
  A phantom (D:11)
  A hornet zombie (D:9)
  A necrophage (D:9)
  An ogre (D:11)
  16 wolves
  A centaur (D:8)
  7 crocodiles
  3 big kobolds
  11 bullfrogs
  A water moccasin zombie (D:6)
  A scorpion (D:4)
  8 wights
  2 howler monkeys
  2 crimson imps
  A quasit (D:9)
  2 jellies
  2 bullfrog skeletons
  8 orc priests
  A centaur skeleton (D:8)
  5 hounds
  Jessica (D:2)
  3 iguanas
  3 worker ants
  14 orc wizards
  A worker ant zombie (D:6)
  5 gnolls
  5 adders
  A shadow imp (D:6)
  An adder zombie (D:9)
  An adder skeleton (D:5)
  A worm (D:3)
  2 dart slugs
  A leopard gecko (D:6)
  34 orcs
  8 giant cockroaches
  6 goblins
  16 hobgoblins
  6 jackals
  13 kobolds
  5 quokkas
  7 bats
  7 frilled lizards
  A leopard gecko skeleton (D:4)
  6 rats
  A fungus (Lair:1)
  3 plants
323 creatures vanquished.

Vanquished Creatures (others)
  An orc (D:8)
  A plant (Lair:2)
2 creatures vanquished.

Grand Total: 325 creatures vanquished

Notes
Turn   | Place    | Note
-------+----------+-------------------------------------------
     0 | D:1      | Wolfsmond the Minotaur Berserker began the quest for the
                  | Orb.
     0 | D:1      | Reached XP level 1. HP: 19/19 MP: 0/0
   232 | D:1      | Reached XP level 2. HP: 18/27 MP: 1/1
   827 | D:2      | Noticed Jessica
   830 | D:2      | Killed Jessica
   830 | D:2      | Reached XP level 3. HP: 34/34 MP: 2/2
   947 | D:2      | Reached skill level 1 in Maces & Flails
   967 | D:2      | Reached ** piety under Trog
   967 | D:2      | Reached XP level 4. HP: 41/41 MP: 3/3
  1391 | D:2      | Reached skill level 2 in Maces & Flails
  1392 | D:2      | Reached skill level 5 in Fighting
  2600 | D:3      | Reached XP level 5. HP: 48/48 MP: 4/4
  2788 | D:3      | Found a shadowy altar of Dithmenos.
  3019 | D:4      | Noticed Menkaure
  3025 | D:4      | Killed Menkaure
  3025 | D:4      | Reached skill level 3 in Maces & Flails
  3344 | D:4      | Reached skill level 4 in Maces & Flails
  3344 | D:4      | Reached XP level 6. HP: 48/56 MP: 5/5
  3962 | D:5      | Entered Level 5 of the Dungeon
  3989 | D:5      | Noticed a hippogriff
  4000 | D:5      | Killed a hippogriff
  4000 | D:5      | Reached *** piety under Trog
  4000 | D:5      | Reached skill level 5 in Maces & Flails
  4000 | D:5      | Reached skill level 5 in Armour
  4000 | D:5      | Reached XP level 7. HP: 61/61 MP: 6/6
  4099 | D:5      | Reached skill level 1 in Stealth
  4152 | D:5      | Found a staircase to the Ecumenical Temple.
  4163 | Temple   | Entered the Ecumenical Temple
  4432 | D:5      | Found Zemeopou's Assorted Antiques.
  4454 | D:5      | Bought a dented silver amulet for 155 gold pieces
  4458 | D:5      | Found a blossoming altar of Fedhas.
  4500 | D:5      | Reached skill level 6 in Maces & Flails
  5059 | D:5      | Gained mutation: You passively map a small area around you.
                  | [potion of mutation]
  5059 | D:5      | Gained mutation: Your body sometimes deteriorates upon
                  | taking damage. [potion of mutation]
  5059 | D:5      | Gained mutation: You are dopey. (Int -2) [potion of
                  | mutation]
  5059 | D:5      | Gained mutation: Your spells are a little harder to cast,
                  | but a little more powerful. [potion of mutation]
  5227 | D:6      | Noticed Prince Ribbit
  5256 | D:6      | Killed Prince Ribbit
  5256 | D:6      | Reached skill level 7 in Maces & Flails
  5256 | D:6      | Reached XP level 8. HP: 41/70 MP: 7/7
  6194 | D:7      | Found an iron altar of Okawaru.
  6245 | D:7      | Lost mutation: You are dopey. (Int -2) [potion of mutation]
  6245 | D:7      | Lost mutation: Your body sometimes deteriorates upon taking
                  | damage. [potion of mutation]
  6245 | D:7      | Lost mutation: Your spells are a little harder to cast, but
                  | a little more powerful. [potion of mutation]
  6245 | D:7      | Gained mutation: You are covered in fur. (AC +1) [potion of
                  | mutation]
  6245 | D:7      | Gained mutation: You have a pair of large horns on your
                  | head. [potion of mutation]
  6245 | D:7      | Gained mutation: Your system is resistant to poisons.
                  | (rPois) [potion of mutation]
  6530 | D:7      | Noticed a hippogriff
  6540 | D:7      | Killed a hippogriff
  6540 | D:7      | Reached skill level 8 in Maces & Flails
  6669 | D:7      | Found Ycir's Magic Scroll Emporium.
  6672 | D:7      | Bought a scroll of identify for 28 gold pieces
  6672 | D:7      | Bought a scroll of identify for 28 gold pieces
  7054 | D:8      | Reached XP level 9. HP: 68/79 MP: 4/8
  7124 | D:8      | Reached skill level 9 in Maces & Flails
  7178 | D:8      | Noticed Pikel
  7192 | D:8      | Killed Pikel
  7570 | D:8      | Found Ipyjacwa's Armour Shoppe.
  7823 | D:8      | Found a bloodstained altar of Trog.
  7833 | D:8      | Reached **** piety under Trog
  8072 | D:9      | Reached skill level 10 in Maces & Flails
  8072 | D:9      | Reached skill level 10 in Armour
  8598 | D:9      | Reached XP level 10. HP: 78/88 MP: 9/9
  8967 | D:10     | Entered Level 10 of the Dungeon
  8971 | D:10     | Noticed Snorg
  8988 | D:10     | Killed Snorg
  8988 | D:10     | Reached skill level 11 in Maces & Flails
  9211 | D:10     | Noticed a two-headed ogre
  9220 | D:10     | Killed a two-headed ogre
  9455 | D:10     | Found a runed translucent door.
  9456 | D:10     | Noticed a sixfirhy
  9479 | D:10     | Reached skill level 12 in Maces & Flails
  9667 | D:10     | Killed a sixfirhy
  9859 | D:10     | Got an ancient pewter ring
  9886 | D:10     | Reached ***** piety under Trog
  9962 | D:10     | Reached XP level 11. HP: 96/96 MP: 10/10
 10136 | D:10     | Identified the ring "Hazeam" {rF+ EV+4 Str+5 Stlth+} (You
                  | found it on level 10 of the Dungeon)
 10192 | D:11     | Found Diddus's Food Emporium.
 10200 | D:11     | Bought a ration for 70 gold pieces
 10200 | D:11     | Bought a ration for 70 gold pieces
 10221 | D:11     | Found a staircase to the Lair.
 10300 | D:11     | Noticed a two-headed ogre
 10308 | D:11     | Killed a two-headed ogre
 10354 | D:11     | Found a staircase to the Orcish Mines.
 10746 | D:11     | Reached skill level 13 in Maces & Flails
 10761 | D:11     | Found a frozen archway.
 10801 | IceCv    | Entered an ice cave
 11086 | Lair:1   | Entered Level 1 of the Lair of Beasts
 11095 | Lair:1   | Reached skill level 10 in Fighting
 11316 | Lair:1   | Received a gift from Trog
 11437 | Lair:1   | Reached skill level 14 in Maces & Flails
 12011 | Lair:2   | Reached XP level 12. HP: 81/109 MP: 1/11
 12945 | Lair:3   | Found a staircase to the Snake Pit.
 13160 | Lair:3   | Reached skill level 15 in Maces & Flails
 13748 | Lair:3   | Found a staircase to the Shoals.
 14070 | Lair:4   | Splashed by an oklob plant's acid

Skill      XL: |  1  2  3  4  5  6  7  8  9 10 11 12 |
---------------+-------------------------------------+-----
Fighting       | 4 5 6 7 9 11 12 | 12.2
Armour         | 3 4 5 6 7 10 12 13 14 | 14.3
Maces & Flails | 1 2 4 5 7 8 10 12 14 15 | 15.2
Dodging        | 3 4 |  4.9
Stealth        | 1 |  1.9
Axes           | |  3.9

Action                   |  1- 3 |  4- 6 |  7- 9 | 10-12 || total
-------------------------+-------+-------+-------+-------++-------
Melee: Hand axe          |    29 |       |       |       ||    29
       Headbutt          |     4 |    22 |    52 |   123 ||   201
       Mace              |    23 |   126 |   292 |   277 ||   718
       Dire flail        |       |       |       |   202 ||   202
Invok: Berserk           |       |     3 |     2 |     3 ||     8
  Use: Scroll            |     3 |     8 |     9 |    11 ||    31
       Potion            |       |     9 |     5 |     9 ||    23
  Eat: Chunk             |       |     8 |    16 |    25 ||    49
       Ration            |       |     1 |     2 |       ||     3
Armor: Animal skin       |    16 |       |       |       ||    16
       Ring mail         |     4 |    29 |       |       ||    33
       Chain mail        |       |    24 |    69 |       ||    93
       Plate armour      |       |       |    84 |   270 ||   354
Dodge: Dodged            |    43 |    67 |   140 |   323 ||   573
